[Event "European Womens-ch 2025"]
[Site "Rhodes"]
[Date "2025.04.01"]
[Round "2.58"]
[White "Berke, Ana"]
[Black "Kalyva, Kyriaki"]
[Result "1-0"]
[Annotator "NA RC"]
[ECO "B30"]
[WhiteElo "2119"]
[BlackElo "1885"]
[PlyCount "53"]
[EventDate "2025.03.29"]
[EventType "swiss"]
[EventCountry "GRE"]
[SourceTitle "playchess.com"]
[Source "ChessBase"]
[SourceQuality "1"]
[TimeControl "40/5400+30:1800+30"]

1. e4 c5 2. Nf3 Nc6 3. Bb5 e6 4. Bxc6 bxc6 5. O-O Ne7 6. h4 d6 7. e5 Ng6 8. g3 f6 9. h5 Nxe5 10. Nxe5 fxe5 11. d3 Be7 12. Qf3 Kd7 13. Nc3 Qf8 14. Qe2 g6 15. f4 exf4 16. Bxf4 Qe8 17. Ne4 g5 18. Bxd6 Rf8 19. Bxc5 Rf5 20. Bxe7 Qxe7 21. Rae1 Kc7 22. d4 Rxf1+ 23. Rxf1 Bd7 24. Nc5 Rf8 25. Qe5+ Kc8 26. Rxf8+ Qxf8 27. Qb8+ 1-0

[Event "European Womens-ch 2025"]
[Site "Rhodes"]
[Date "2025.04.01"]
[Round "2.59"]
[White "Mitraka, Chrysoula-Paraskevi"]
[Black "Koridze, Lile"]
[Result "0-1"]
[Annotator "RC"]
[ECO "E35"]
[WhiteElo "1820"]
[BlackElo "2115"]
[PlyCount "64"]
[EventDate "2025.03.29"]
[EventType "swiss"]
[EventCountry "GRE"]
[SourceTitle "playchess.com"]
[Source "ChessBase"]
[SourceQuality "1"]
[TimeControl "40/5400+30:1800+30"]

1. d4 Nf6 2. c4 e6 3. Nc3 Bb4 4. Qc2 d5 5. cxd5 exd5 6. Bf4 O-O 7. e3 Re8 8. Bd3 c5 9. dxc5 d4 10. O-O-O Nc6 11. Nge2 Bxc5 12. exd4 Bb6 13. a3 Na5 14. b4 Nc6 15. Bc4 Bg4 16. f3 Bh5 17. Be5 Rc8 18. Qb3 Qe7 19. Bf4 a5 20. b5 a4 21. Qb2 Nxd4 22. Bxf7+ Bxf7 23. Nxd4 Nd5 24. Nf5 Qf6 25. Rxd5 Rxc3+ 26. Kd2 Rd3+ 27. Kxd3 Qxb2 28. Rd6 Qe2+ 29. Kc3 Rc8+ 30. Rc6 bxc6 31. Nd6 Ba5+ 32. Kd4 c5# 0-1

[Event "European Womens-ch 2025"]
[Site "Rhodes"]
[Date "2025.04.01"]
[Round "2.61"]
[White "Paasikangas, Johanna"]
[Black "Bania, Eleni"]
[Result "1-0"]
[Annotator "RC"]
[ECO "B45"]
[WhiteElo "2106"]
[BlackElo "1809"]
[PlyCount "65"]
[EventDate "2025.03.29"]
[EventType "swiss"]
[EventCountry "GRE"]
[SourceTitle "playchess.com"]
[Source "ChessBase"]
[SourceQuality "1"]
[TimeControl "40/5400+30:1800+30"]

1. e4 c5 2. Nf3 e6 3. d4 cxd4 4. Nxd4 Nf6 5. Nc3 Nc6 6. a3 Be7 7. Nxc6 bxc6 8. e5 Nd5 9. Qg4 g6 10. Nxd5 cxd5 11. Bd3 Ba6 12. O-O Bxd3 13. cxd3 h5 14. Qe2 Kf8 15. b4 h4 16. h3 Kg7 17. d4 Rc8 18. Be3 Qb6 19. Rfb1 Rc4 20. Rb2 Rhc8 21. Rab1 a6 22. Qd1 Qc6 23. a4 Qb6 24. b5 a5 25. Ra2 Bb4 26. Qg4 Be7 27. Rd1 Qd8 28. Qe2 Bb4 29. Rd3 Qb6 30. Bg5 Rxd4 31. Be3 Re4 32. Bxb6 Rxe2 33. Rxe2 1-0

[Event "European Womens-ch 2025"]
[Site "Rhodes"]
[Date "2025.04.01"]
[Round "2.62"]
[White "Saraci, Ndriqona"]
[Black "Zagorac, Lara"]
[Result "0-1"]
[Annotator "RC"]
[ECO "C68"]
[WhiteElo "1692"]
[BlackElo "2106"]
[PlyCount "90"]
[EventDate "2025.03.29"]
[EventType "swiss"]
[EventCountry "GRE"]
[SourceTitle "playchess.com"]
[Source "ChessBase"]
[SourceQuality "1"]
[TimeControl "40/5400+30:1800+30"]

1. e4 e5 2. Nf3 Nc6 3. Bb5 a6 4. Bxc6 dxc6 5. O-O Bg4 6. h3 h5 7. c3 Qf6 8. d4 Bxf3 9. Qxf3 exd4 10. cxd4 O-O-O 11. Qxf6 Nxf6 12. e5 Nd5 13. Nc3 c5 14. Rd1 Nb4 15. dxc5 Rxd1+ 16. Nxd1 Bxc5 17. Bf4 Nd3 18. Be3 Bxe3 19. Nxe3 Nxe5 20. Rd1 Re8 21. Nd5 c6 22. Ne3 Kc7 23. Rd4 b5 24. Rh4 g6 25. Re4 f5 26. Rd4 Rf8 27. f4 Nd7 28. b4 Re8 29. Kf2 Nf6 30. Kf3 Ne4 31. Nd1 Nd6 32. Ne3 a5 33. a3 Ra8 34. Nc2 axb4 35. axb4 Ra2 36. Ne1 Ne4 37. Nd3 Nd2+ 38. Ke3 Nb3 39. Ne5 Nxd4 40. Kxd4 Rxg2 41. Kc5 Rh2 42. Nxg6 Rxh3 43. Ne7 Rc3+ 44. Kd4 Rc4+ 45. Ke5 Re4+ 0-1

[Event "European Womens-ch 2025"]
[Site "Rhodes"]
[Date "2025.04.01"]
[Round "2.63"]
[White "Tsetskhladze, Mariam"]
[Black "Recica, Jona"]
[Result "1-0"]
[Annotator "RC"]
[ECO "C78"]
[WhiteElo "2105"]
[BlackElo "1716"]
[PlyCount "99"]
[EventDate "2025.03.29"]
[EventType "swiss"]
[EventCountry "GRE"]
[SourceTitle "playchess.com"]
[Source "ChessBase"]
[SourceQuality "1"]
[TimeControl "40/5400+30:1800+30"]

1. e4 e5 2. Nf3 Nc6 3. Bb5 a6 4. Ba4 Nf6 5. O-O b5 6. Bb3 Bc5 7. a4 Bb7 8. d3 h6 9. Nc3 b4 10. Ne2 d6 11. a5 O-O 12. Be3 Ba7 13. Qd2 Bxe3 14. fxe3 Rb8 15. Ng3 Ne7 16. Nh4 d5 17. Qe2 Bc8 18. exd5 Nfxd5 19. Nhf5 Nxf5 20. Nxf5 c6 21. g3 Qg5 22. e4 Nf4 23. Qf3 Ng6 24. h4 Qd8 25. Qg4 Kh7 26. h5 Bxf5 27. exf5 Nh8 28. f6 Qd4+ 29. Qxd4 exd4 30. Bc4 Ra8 31. fxg7 Kxg7 32. Rf4 Rfd8 33. Raf1 Rd7 34. Rf6 Rc7 35. Rd6 Re8 36. Rff6 Re5 37. Rxh6 Rxa5 38. Rxc6 Rxc6 39. Rxc6 Ra1+ 40. Kg2 a5 41. Ra6 a4 42. Rb6 Rc1 43. Rxb4 Rxc2+ 44. Kf3 Kh6 45. g4 f6 46. Rb6 Kg7 47. Rb7+ Kf8 48. Rh7 Rxc4 49. dxc4 Nf7 50. Rxf7+ 1-0

[Event "European Womens-ch 2025"]
[Site "Rhodes"]
[Date "2025.04.01"]
[Round "2.64"]
[White "Sivanandan, Bodhana"]
[Black "Korinioti, Myrto"]
[Result "1-0"]
[Annotator "NA RC"]
[ECO "B31"]
[WhiteElo "2073"]
[BlackElo "1667"]
[PlyCount "89"]
[EventDate "2025.03.29"]
[EventType "swiss"]
[EventCountry "GRE"]
[SourceTitle "playchess.com"]
[Source "ChessBase"]
[SourceQuality "1"]
[TimeControl "40/5400+30:1800+30"]

1. e4 c5 2. Nf3 Nc6 3. Bb5 g6 4. O-O Bg7 5. c3 Nf6 6. Re1 O-O 7. d4 d5 8. e5 Ne4 9. Bxc6 bxc6 10. Be3 cxd4 11. cxd4 f6 12. exf6 exf6 13. Qc1 Bd7 14. Nc3 Nxc3 15. Qxc3 Rb8 16. b3 g5 17. Bc1 Rf7 18. Ba3 Bf8 19. Bxf8 Qxf8 20. Rac1 h5 21. h4 g4 22. Nd2 Rg7 23. Qc5 Qxc5 24. dxc5 g3 25. Re3 gxf2+ 26. Kxf2 Rb4 27. g3 Rbg4 28. Rf3 R4g6 29. Re1 Kf8 30. Ree3 Re7 31. Rxe7 Kxe7 32. Re3+ Kf7 33. Nf3 Rg4 34. Rd3 Bf5 35. Rd2 Bd7 36. Nd4 Ke7 37. Ne2 Rg7 38. Rd4 Rg4 39. Nf4 a6 40. Rb4 Be8 41. Rb7+ Kd8 42. Ra7 d4 43. Rxa6 Kc7 44. Ra7+ Kb8 45. Re7 1-0

[Event "European Womens-ch 2025"]
[Site "Rhodes"]
[Date "2025.04.01"]
[Round "2.65"]
[White "Kaka, Rengina Tsampika"]
[Black "Grapsa, Georgia"]
[Result "0-1"]
[Annotator "NA RC"]
[ECO "A45"]
[WhiteElo "1509"]
[BlackElo "2065"]
[PlyCount "116"]
[EventDate "2025.03.29"]
[EventType "swiss"]
[EventCountry "GRE"]
[SourceTitle "playchess.com"]
[Source "ChessBase"]
[SourceQuality "1"]
[TimeControl "40/5400+30:1800+30"]

1. d4 Nf6 2. Bf4 e6 3. e3 c5 4. dxc5 Bxc5 5. Nc3 O-O 6. Nb5 Ne8 7. Bd3 f5 8. Nf3 Nc6 9. O-O a6 10. Na3 b5 11. c3 Bb7 12. b4 Be7 13. Be2 Bf6 14. Qb3 Kh8 15. Rfd1 Qe7 16. Rac1 d5 17. Nc2 e5 18. Bg3 Nc7 19. Na1 g5 20. h3 h5 21. Re1 h4 22. Bh2 Qg7 23. Nxg5 Bxg5 24. Kf1 Rg8 25. g4 hxg3 26. fxg3 Bxe3 27. Rc2 Bf4 28. Bh5 Bxg3 29. Bxg3 Qxg3 30. Ke2 e4 31. Bf7 Qf3+ 32. Kd2 Rg2+ 33. Kc1 Ne5 34. Rd1 Nd3+ 35. Rxd3 exd3 36. Rxg2 Qxg2 37. Qd1 Qe2 38. Bh5 Qxd1+ 39. Kxd1 Ne6 40. Nb3 Kg7 41. Kd2 Rd8 42. Bf3 Nf4 43. Ke3 d4+ 44. Kxf4 Bxf3 45. cxd4 d2 46. Nxd2 Rxd4+ 47. Ke3 Rxd2 48. Kxd2 Bd5 49. a3 Kf6 50. h4 f4 51. Ke1 Kf5 52. Kf1 Kg4 53. h5 Kxh5 54. Kf2 Kg4 55. Ke2 Kg3 56. Kf1 f3 57. Kg1 f2+ 58. Kf1 Bc4# 0-1

[Event "European Womens-ch 2025"]
[Site "Rhodes"]
[Date "2025.04.01"]
[Round "2.66"]
[White "Rida, Ruqayyah"]
[Black "Lamprianou, Marianna"]
[Result "1-0"]
[Annotator "NA RC"]
[ECO "C54"]
[WhiteElo "2065"]
[BlackElo "1498"]
[PlyCount "93"]
[EventDate "2025.03.29"]
[EventType "swiss"]
[EventCountry "GRE"]
[SourceTitle "playchess.com"]
[Source "ChessBase"]
[SourceQuality "1"]
[TimeControl "40/5400+30:1800+30"]

1. e4 e5 2. Nf3 Nc6 3. Bc4 Bc5 4. c3 Nf6 5. d3 h6 6. a4 a5 7. O-O O-O 8. Re1 d6 9. h3 Re8 10. Nbd2 Bd7 11. Bb3 Be6 12. Nc4 Qd7 13. Be3 Ba7 14. Bxa7 Nxa7 15. Nxa5 b6 16. Nc4 Nc6 17. Qc2 Na5 18. Nxa5 Rxa5 19. Bxe6 Rxe6 20. d4 exd4 21. Nxd4 Re8 22. b3 c5 23. Nf5 b5 24. Rad1 Re6 25. axb5 Rxb5 26. e5 Nh7 27. Nxd6 Rb8 28. c4 Rg6 29. Kh2 Qc6 30. f3 Rd8 31. Qf5 Rd7 32. e6 fxe6 33. Rxe6 Rxe6 34. Qxe6+ Kh8 35. Nf7+ Rxf7 36. Rd8+ Rf8 37. Rxf8+ Nxf8 38. Qxc6 Kh7 39. Qxc5 Ng6 40. Qf5 Kh8 41. Qxg6 Kg8 42. c5 Kf8 43. Qe6 h5 44. c6 h4 45. c7 g5 46. Qd7 Kg8 47. c8=R# 1-0

[Event "European Womens-ch 2025"]
[Site "Rhodes"]
[Date "2025.04.01"]
[Round "2.67"]
[White "Revelioti, Eleni Nefeli"]
[Black "Huseynova, Lala"]
[Result "0-1"]
[Annotator "NA RC"]
[ECO "B90"]
[WhiteElo "1470"]
[BlackElo "2065"]
[PlyCount "68"]
[EventDate "2025.03.29"]
[EventType "swiss"]
[EventCountry "GRE"]
[SourceTitle "playchess.com"]
[Source "ChessBase"]
[SourceQuality "1"]
[TimeControl "40/5400+30:1800+30"]

1. e4 c5 2. Nf3 d6 3. d4 cxd4 4. Nxd4 Nf6 5. Nc3 a6 6. Be2 e5 7. Nf3 Be7 8. Be3 Qc7 9. O-O O-O 10. a4 b6 11. Qd2 Nbd7 12. Rfe1 Bb7 13. Bd3 Rfe8 14. h3 Nc5 15. Bxc5 Qxc5 16. Qe3 Qc7 17. b3 Qxc3 18. Qxb6 Bxe4 19. Qe3 Bxd3 20. Qxd3 Qxd3 21. cxd3 Rab8 22. Rab1 Nd5 23. Rec1 a5 24. Nd2 Bg5 25. Rc2 Nb4 26. Rcb2 Nxd3 27. Rc2 Nb4 28. Rcb2 d5 29. Nf3 Bf6 30. Re2 e4 31. Nd2 Bd4 32. Rd1 Nd3 33. Rb1 Nf4 34. Ree1 e3 0-1